 Dungeon Crawl Stone Soup version 0.19-a0-1021-g80cc50c (webtiles) character file.

96 JeffiDaFish the Firebug (level 4, -5/33 HPs)
             Began as a Draconian Fire Elementalist on July 28, 2016.
             Killed from afar by Natasha (7 damage)
             ... with a wand of flame
             ... on level 2 of the Dungeon.
             The game lasted 00:10:08 (1383 turns).

JeffiDaFish the Firebug (DrFE)                      Turns: 1383, Time: 00:10:08

Health: -5/33      AC:  5    Str: 10    XL:     4   Next: 41%
Magic:  6/8        EV: 12    Int: 17    God:
Gold:   56         SH:  0    Dex: 11    Spells: 3 memorised, 2 levels left

rFire  . . .     SeeInvis .     c - +0 spear
rCold  . . .     Gourm    .     (armour unavailable)
rNeg   . . .     Faith    .     (no shield)
rPois  .         Spirit   .     (helmet restricted)
rElec  .         Dismiss  .     (no cloak)
rCorr  .         Reflect  .     (no gloves)
SustAt .         Harm     .     (no boots)
MR     .....                    (no amulet)
Stlth  ++........               (no ring)
                                (no ring)

@: not resistant to hostile enchantments, unstealthy
A: unfitting armour, cold-blooded, AC +5
a: no special abilities


You were on level 2 of the Dungeon.
You were not hungry.

You visited 1 branch of the dungeon, and saw 2 of its levels.

You collected 56 gold pieces.

Inventory:

Hand Weapons
 c - a +0 spear (weapon)
 m - a +0 vampiric dagger
Scrolls
 d - a scroll of blinking {unknown}
 e - 3 scrolls of identify {unknown}
 g - 2 scrolls of fear {unknown}
 i - a scroll of amnesia {unknown}
 j - a scroll of enchant weapon {unknown}
 k - a scroll of fog {unknown}
 l - a scroll of teleportation {unknown}
Potions
 h - a potion of heal wounds {unknown}
Books
 a - a book of Flames

   Spells                             Type                      Level
   a - Flame Tongue                   Conjuration/Fire             1
   b - Throw Flame                    Conjuration/Fire             2
   c - Conjure Flame                  Conjuration/Fire             3
   d - Inner Flame                    Hexes/Fire                   3
   e - Sticky Flame                   Conjuration/Fire             4
   f - Fireball                       Conjuration/Fire             5
Comestibles
 b - a bread ration


   Skills:
 - Level 0.2 Fighting
 + Level 1.1 Polearms
 + Level 2.1 Dodging
 - Level 1.9 Stealth
 * Level 2.8 Spellcasting
 + Level 1.9 Conjurations
 + Level 3.7 Fire Magic


You had 2 spell levels left.
You knew the following spells:

 Your Spells              Type           Power        Failure   Level  Hunger
a - Flame Tongue          Conj/Fire      ##...        6%          1    #......
b - Throw Flame           Conj/Fire      ##....       10%         2    ##.....
c - Conjure Flame         Conj/Fire      ##......     17%         3    ###....


Dungeon Overview and Level Annotations

Branches:
Dungeon (2/15)

Altars:

Annotations:
D:2 Natasha


Innate Abilities, Weirdness & Mutations

Your plain brown scales are hard. (AC +5)
Your body does not fit into most forms of armour.
You are cold-blooded and may be slowed by cold attacks.


Message History

Natasha closely misses you. The shadow imp closely misses you.
You closely miss Natasha.
Natasha is severely wounded.
Natasha zaps a wand.
The puff of flame hits you!
It is a wand of flame {zapped: 2}.
The shadow imp misses you.
You hit Natasha but do no damage.
Your tail-slap misses Natasha.
Natasha is severely wounded.
Natasha claws you! The shadow imp hits you.
* * * LOW HITPOINT WARNING * * *
You barely miss Natasha.
Your tail-slap misses Natasha.
Natasha is severely wounded.
Natasha zaps a wand.
The puff of flame hits you!
* * * LOW HITPOINT WARNING * * *
The shadow imp gestures at you. Pain shoots through your body!
* * * LOW HITPOINT WARNING * * *
You hit Natasha.
Natasha is almost dead.
Natasha zaps a wand.
The puff of flame hits you!
You die...

.........##...#
#####+##..#...#
#..[......#
#####.######+#
#..........
#####.#.###....
#########.....#.#
.
#......5......#.#
#.......@.....#.#
#)......h.....#.#
..............#.#
#............##.#
#..........###
#######....#
######


You could see Natasha and a shadow imp.

Vanquished Creatures
  Ijyb (D:2)
  Natasha (D:2)
  An ooze (D:1)
  A giant gecko (D:1)
  2 giant cockroaches (D:1)
  6 goblins
  7 hobgoblins
  3 kobolds
  4 bats (D:1)
  4 giant newts (D:1)
  9 rats (D:1)
39 creatures vanquished.

Notes
Turn   | Place    | Note
-------+----------+-------------------------------------------
     0 | D:1      | JeffiDaFish the Draconian Fire Elementalist began the quest for the Orb.
     0 | D:1      | Reached XP level 1. HP: 14/14 MP: 3/3
    56 | D:1      | Reached XP level 2. HP: 6/20 MP: 0/5
   291 | D:1      | Learned a level 2 spell: Throw Flame
   681 | D:1      | Reached XP level 3. HP: 26/26 MP: 1/6
   686 | D:1      | Learned a level 3 spell: Conjure Flame
  1093 | D:2      | Noticed Natasha
  1103 | D:2      | Killed Natasha
  1103 | D:2      | Reached XP level 4. HP: 13/33 MP: 4/8
  1126 | D:2      | Noticed Ijyb
  1135 | D:2      | Killed Ijyb
  1135 | D:2      | Reached skill level 1 in Polearms
  1372 | D:2      | Noticed Natasha
  1383 | D:2      | Killed from afar by Natasha

Vault maps used:
D:1:      minmay_arrival_glassed_features, minmay_cupped
D:2:      uniq_iyjb, uniq_natasha, uniq_terence

Skill      XL: |  1  2  3  4 |
---------------+-------------+-----
Dodging        | 2 |  2.1
Polearms       | 1 |  1.1
Fighting       | |  0.2
Stealth        | |  1.9
Spellcasting   | |  2.8
Conjurations   | |  1.9
Fire Magic     | |  3.7

Action                   |  1- 3 |  4- 6 || total
-------------------------+-------+-------++-------
Melee: Spear             |   116 |     9 ||   125
       Tailslap          |     8 |       ||     8
 Cast: Flame Tongue      |    16 |     6 ||    22
       Throw Flame       |     6 |     2 ||     8
 Stab: Sleeping          |     2 |       ||     2
  Eat: Chunk             |     1 |     1 ||     2
Armor: Skin              |    24 |       ||    24
Dodge: Dodged            |    67 |     9 ||    76
